 Dungeon Crawl Stone Soup version 0.28-a0-1128-gb845255321 (webtiles) character file.

Game seed: 18246434873575550372

134 LadyOphelia the Chopper (level 4, -1/41 HPs)
             Began as a Minotaur Berserker on Dec 12, 2021.
             Was a Believer of Trog.
             Slain by a gnoll (9 damage)
             ... on level 3 of the Dungeon.
             The game lasted 00:03:57 (1909 turns).

LadyOphelia the Chopper (Minotaur Berserker)        Turns: 1909, Time: 00:03:58

Health: -1/41      AC:  2    Str: 24    XL:     4   Next: 95%
Magic:  3/3        EV: 12    Int:  4    God:    Trog [**....]
Gold:   47         SH:  0    Dex:  9    Spells: 3/3 levels left

rFire   . . .      SeeInvis .   a - +0 hand axe
rCold   . . .      Faith    .   (no shield)
rNeg    . . .      Spirit   .   b - +0 animal skin
rPois   .          Reflect  .   (helmet restricted)
rElec   .          Harm     .   (no cloak)
rCorr   .          Rampage  .   (no gloves)
Will    .....                   (no boots)
Stlth   +.........              (no amulet)
HPRegen 0.13/turn               (no ring)
MPRegen 0.08/turn               (no ring)

@: no status effects
A: horns 2, retaliatory headbutt
a: Renounce Religion, Berserk, Trog's Hand


You were on level 3 of the Dungeon.
You worshipped Trog.
Trog was pleased with you.
You visited 1 branch of the dungeon, and saw 3 of its levels.

You collected 47 gold pieces.

Inventory:

Hand Weapons
 a - a +0 hand axe (weapon)
Armour
 b - a +0 animal skin (worn)
Jewellery
 c - a +4 ring of protection
Scrolls
 e - a scroll of noise {unknown}
 h - a scroll of identify {unknown}
 i - a scroll of teleportation {unknown}
 j - a scroll of amnesia {unknown}
Potions
 d - 2 potions of curing
 f - 2 potions of attraction {unknown}
 g - a potion of flight {unknown}


   Skills:
 + Level 4.6 Fighting
 + Level 5.3 Axes
 + Level 2.8 Armour
 + Level 3.2 Dodging


You had 3 spell levels left.
You didn't know any spells.
Your spell library was empty.

Dungeon Overview and Level Annotations

Branches:
Dungeon (3/15)

Altars:
Zin


Innate Abilities, Weirdness & Mutations

You have a pair of horns on your head.
You reflexively headbutt those who attack you in melee.


Message History

You slash the dart slug!
You kill the dart slug!
Trog accepts your kill.
j - a scroll labelled PUGEWELOTA You open the door.
There is an open door here.
Found a leather armour. 2 gnolls come into view.
The gnoll shouts! x2
A gnoll comes into view. It is wielding a +0 halberd.
The gnoll moves out of view.
The gnoll shouts!
The gnoll hits you with a +0 spear.
You hit the gnoll.
The gnoll is heavily wounded.
The gnoll closely misses you. The gnoll misses you. You furiously retaliate!
You headbutt the gnoll. You completely miss the gnoll. You headbutt the gnoll.
You kill the gnoll!
Trog accepts your kill.
The gnoll hits you from afar with a +0 halberd.
Found 11 stones.
The gnoll barely misses you.
The gnoll hits you from afar with a +0 halberd!
You see here a +0 spear.
You hit the gnoll but do no damage. The gnoll closely misses you.
You furiously retaliate!
You headbutt the gnoll. The gnoll barely misses you.
You hit the gnoll. You headbutt the gnoll.
The gnoll is severely wounded.
The gnoll closely misses you. You furiously retaliate!
You headbutt the gnoll. The gnoll closely misses you.
You hit the gnoll but do no damage.
The gnoll is almost dead.
The gnoll closely misses you. x2
You hit the gnoll but do no damage. You headbutt the gnoll.
You kill the gnoll!
Trog accepts your kill.
The gnoll hits you from afar with a +0 halberd!
* * * LOW HITPOINT WARNING * * *
The gnoll hits you with a +0 halberd!
You die...

≈....... # ........#
.......# # #.. ... .#
♣♣ #..##.##.# .# #.
#........ .######
#...#[#.##.#####.....(.
..............)@g......
#######.###############
#.# #.# #.# #.#
###'########
#..........#
#..........#


You could see a gnoll.

Vanquished Creatures
  A bullfrog zombie (D:3)
  2 gnolls (D:3)
  5 adders
  2 dart slugs
  An orc (D:2)
  An endoplasm (D:1)
  4 giant cockroaches
  3 goblins
  A hobgoblin (D:3)
  3 jackals (D:1)
  A quokka (D:2)
  3 ball pythons
  2 bats (D:2)
  A frilled lizard (D:1)
  4 kobolds (D:1)
  A quokka skeleton (D:2)
  2 rats (D:1)
37 creatures vanquished.

Vanquished Creatures (others)
  12 plants
12 creatures vanquished.

Grand Total: 49 creatures vanquished

Notes
Turn   | Place    | Note
-------+----------+-------------------------------------------
     0 | D:1      | LadyOphelia the Minotaur Berserker began the quest for the
                  | Orb.
     0 | D:1      | Reached XP level 1. HP: 19/19 MP: 0/0
   443 | D:1      | Reached XP level 2. HP: 27/27 MP: 1/1
   455 | D:1      | Found a faded altar of an unknown god.
   619 | D:1      | Reached skill level 4 in Axes
  1005 | D:2      | Found a glowing silver altar of Zin.
  1024 | D:2      | Reached XP level 3. HP: 23/33 MP: 2/2
  1797 | D:3      | Reached XP level 4. HP: 35/41 MP: 3/3
  1813 | D:3      | Reached ** piety under Trog
  1814 | D:3      | Reached skill level 5 in Axes
  1909 | D:3      | Slain by a gnoll

Illustrated notes

Levels and vault maps discovered:
D:1:      shiori_arrival_oz, layout_loops_ring,
          dreamdust_ecumenical_altar_angels_and_demons, minmay_box_of_dots
D:2:      layout_loops_ring, basic_altar, serial_glass, glass_columns_b,
          glass_columns_b, minmay_strange_pillars, feat_on_display,
          minmay_strange_pillars, serial_bayou_pond_c
D:3:      layout_basic, serial_bayou, serial_bayou_crossing,
          serial_bayou_shore_b, serial_bayou_shore_a, serial_bayou_shore_b,
          serial_bayou_pond_c, serial_bayou_pond_d

Skill      XL: |  1  2  3  4 |
---------------+-------------+-----
Fighting       | 4 |  4.6
Axes           | 4 5 |  5.3
Dodging        | 3 |  3.2
Armour         | |  2.8

Action                   |  1- 3 |  4- 6 || total
-------------------------+-------+-------++-------
Melee: Hand axe          |    49 |    18 ||    67
       Headbutt          |     5 |     4 ||     9
  Use: Potion            |     1 |       ||     1
Armor: Animal skin       |    13 |     3 ||    16
Dodge: Dodged            |    42 |    16 ||    58

Table legend: (Time is in decaauts)
 A = Elapsed time spent in this place.
 B = Non-inter-level travel time spent in this place.
 C = Inter-level travel time spent in this place.
 D = Time resting spent in this place.
 E = Time spent auto-exploring this place.
 F = Levels seen in this place.
 G = Mean time per level.
                   A        B        C        D        E       F      G
               +--------+--------+--------+--------+--------+-----+--------+
         Total |   1919 |   1886 |     33 |      0 |   1536 |   3 |  639.7 |
       Dungeon |   1919 |   1886 |     33 |      0 |   1536 |   3 |  639.7 |
               +--------+--------+--------+--------+--------+-----+--------+

Top non-repeatable levels by time:
     D:2: 924 daAuts
     D:1: 873 daAuts
     D:3: 122 daAuts
